 Dungeon Crawl Stone Soup version 0.28-b1-25-g9875b3fc8c (webtiles) character file.

Game seed: 4073518182640739210

27 mopl the Skirmisher (level 2, -6/24 HPs)
             Began as a Mummy Monk on Feb 8, 2022.
             Splashed by a jelly's acid (7 damage)
             ... on level 2 of the Dungeon.
             The game lasted 00:01:16 (1270 turns).

mopl the Skirmisher (Mummy Monk)                    Turns: 1270, Time: 00:01:17

Health: -6/24      AC: -5    Str: 14    XL:     2   Next: 93%
Magic:  0/2        EV: 12    Int:  9    God:
Gold:   49         SH:  4    Dex: 14    Spells: 1/1 levels left

rFire   x . .      SeeInvis .     - Unarmed
rCold   + . .      Faith    .   b - +0 buckler
rNeg    + + +      Spirit   +   a - +0 robe
rPois   ∞          Reflect  .   f - +1 hat
rElec   .          Harm     .   (no cloak)
rCorr   .          Rampage  .   (no gloves)
Will    .....                   (no boots)
Stlth   ++........              d - amulet of guardian spirit
HPRegen 0.08/turn               (no ring)
MPRegen 0.08/turn               (no ring)

@: corroded
A: cold resistance 1, negative energy resistance 3, torment resistance 2, heat
vulnerability 1, no potions
a: no special abilities


You were on level 2 of the Dungeon.
You visited 1 branch of the dungeon, and saw 2 of its levels.

You collected 49 gold pieces.

Inventory:

Armour
 a - a +0 robe (worn)
 b - a +0 buckler (worn)
 f - a +1 hat (worn)
Jewellery
 d - an amulet of guardian spirit (around neck)
Scrolls
 c - a scroll of fog {unknown}
 e - a scroll of vulnerability {unknown}
 g - a scroll of amnesia {unknown}
 h - a scroll of teleportation {unknown}


   Skills:
 + Level 3.3 Fighting
 - Level 2.4 Dodging
 - Level 1.5 Stealth
 + Level 0.7 Shields
 * Level 3.0 Unarmed Combat


You had one spell level left.
You didn't know any spells.
Your spell library was empty.

Dungeon Overview and Level Annotations

Branches:
Dungeon (2/15)

Altars:


Innate Abilities, Weirdness & Mutations

You are immune to poison.
Your flesh is cold resistant. (rC+)
You are immune to negative energy. (rN+++)
You are immune to unholy pain and torment.
You are vulnerable to heat. (rF-)
You do not drink.


Message History

The endoplasm is heavily wounded.
The endoplasm freezes you.
You are frozen.
You resist.
You hit the endoplasm.
You kill the endoplasm!
No target in view!
No target in view!
No target in view!
No target in view!
No target in view!
No target in view!
No target in view!
No target in view!
Found a stone staircase leading up.
There is a stone staircase leading up here.
A jelly comes into view.
Found 18 arrows.
Found a stone staircase leading down.
The helpless jelly fails to defend itself.
You punch the jelly!
Your hands burn!
The jelly is heavily wounded.
You hit the jelly.
Your hands burn!
The jelly is heavily wounded.
The jelly closely misses you.
You hit the jelly.
Your hands burn!
The jelly is almost dead.
The jelly hits you. The acid corrodes you!
You are splashed with acid!
* * * LOW HITPOINT WARNING * * *
You are too injured to fight recklessly!
You are too injured to fight recklessly!
You are too injured to fight recklessly!
You barely miss the jelly.
The jelly is almost dead.
The jelly barely misses you.
You hit the jelly. The acid corrodes you!
Your hands burn!
* * * LOW HITPOINT WARNING * * *
The jelly is almost dead.
The jelly hits you.
* * * LOW HITPOINT WARNING * * *
You are splashed with acid!
You die...

##.#<#
#.###.#.####.#
#.#.#
#....#.#.....#
.#..#
#####.#.######
.###.#
######.#######
#. ..#
#........(....
. ...
#.##...######.
. ..#
#.#.....###
...#
#.........#
#.#...@>#.#
#.##..J##.#
.......# .
.......## #
#######


You could see a jelly.

Vanquished Creatures
  5 endoplasms
  A hobgoblin (D:1)
  3 quokkas (D:1)
  2 ball pythons (D:1)
  2 bats (D:1)
  2 frilled lizards (D:1)
  2 goblins
  3 kobolds (D:1)
  6 rats (D:1)
26 creatures vanquished.

Notes
Turn   | Place    | Note
-------+----------+-------------------------------------------
     0 | D:1      | mopl the Mummy Monk began the quest for the Orb.
     0 | D:1      | Reached XP level 1. HP: 18/18 MP: 1/1
   651 | D:1      | Reached XP level 2. HP: 24/24 MP: 2/2
   780 | D:1      | Found a faded altar of an unknown god.
   957 | D:1      | Reached skill level 3 in Unarmed Combat
  1270 | D:2      | HP: 1/24 [jelly (2)]
  1270 | D:2      | Splashed by a jelly's acid

Illustrated notes

Levels and vault maps discovered:
D:1:      erik_arrival_cave_to_civilisation [erik_arrival_cave_to_hall],
          layout_rooms, shapermc_ecumenical_altar_gd
D:2:      layout_loops_ring, basic_altar, minmay_indecisive_spiral, uniq_terence

Skill      XL: |  1  2 |
---------------+-------+-----
Unarmed Combat | 3 |  3.0
Fighting       | |  3.3
Dodging        | |  2.4
Stealth        | |  1.5
Shields        | |  0.7

Action                   || total
-------------------------++-------
Melee: Unarmed           ||    89
 Stab: Sleeping          ||     2
Armor: Robe              ||    10
Dodge: Dodged            ||    65
Block: Buckler           ||     8
